 Dungeon Sprint DCSS version 0.28-a0-407-g69098e2f6d (webtiles) character file.

Game seed: 15463876081398508391

233 dolemite99 the Grappler (level 5, -12/50 HPs)
             Began as a Troll Fighter on Sept 6, 2021.
             Mangled by a wyvern (15 damage)
             ... in the Dungeon (Sprint II: "The Violet Keep of Menkaure").
             The game lasted 00:00:41 (65 turns).

dolemite99 the Grappler (Troll Fighter)               Turns: 65, Time: 00:00:42

Health: -12/50     AC:  4    Str: 25    XL:     5   Next: 75%
Magic:  4/4        EV:  7    Int:  4    God:
Gold:   243        SH:  7    Dex:  9    Spells: 4/4 levels left

rFire   . . .      SeeInvis .     - Unarmed
rCold   . . .      Faith    .   b - +0 kite shield
rNeg    . . .      Spirit   .   a - +0 robe
rPois   .          Reflect  .   (helmet restricted)
rElec   .          Harm     .   (no cloak)
rCorr   .          Rampage  .   (gloves unavailable)
Will    .....      NoTele   +   (boots unavailable)
Stlth   +.........              (no amulet)
HPRegen 1.16/turn               (no ring)
MPRegen 0.09/turn               (no ring)

@: no status effects
A: large, unfitting armour, claws 3, regeneration 1, shaggy fur 1, tough skin 1
a: no special abilities


You were in the Dungeon.
You visited 1 branch You collected 243 gold pieces.

Inventory:

Armour
 a - a +0 robe (worn)
 b - a +0 kite shield (worn)
Scrolls
 i - a scroll of blinking
Potions
 e - a potion of heal wounds
 f - a potion of haste
 g - 2 potions of magic
 h - a potion of berserk rage


   Skills:
 - Level 2.4 Fighting
 - Level 2.4 Dodging
 + Level 2.4 Shields
 - Level 11.9 Unarmed Combat


You had 4 spell levels left.
You didn't know any spells.
Your spell library was empty.

Dungeon Overview and Level Annotations

Branches:
Dungeon (1/1)

Altars:


Innate Abilities, Weirdness & Mutations

You are too large for most types of armour.
You have claws for hands.
Your natural rate of healing is unusually fast.
You are covered in fur. (AC +1)
You have tough skin. (AC +1)


Message History

The scorpion stings you!
You mangle the scorpion!!
You kill the scorpion!
Your Unarmed Combat skill increases to level 11!
There is an open door here.
Items here: ††††.
There is an open door here.
Items here: ††††.
Found 243 gold pieces.
You start resting.
HP restored.
You now have 243 gold pieces.
You start waiting.
You feel a little less mighty now.
You open the door.
There is an open door here.
You close the door.
There is an open door here.
Items here: ††††.
You open the door. 2 wyverns come into view.
The wyvern hisses angrily. x2
You claw the wyvern!
The wyvern is moderately wounded.
You block the wyvern's attack.
You scratch the wyvern.
The wyvern is heavily wounded.
The wyvern bites you!
You closely miss the wyvern.
The wyvern is heavily wounded.
The wyvern bites you. The wyvern bites you!
You scratch the wyvern.
The wyvern is severely wounded.
The wyvern bites you!
* * * LOW HITPOINT WARNING * * *
The wyvern bites you but does no damage.
You scratch the wyvern.
The wyvern is almost dead.
The wyvern bites you!
You die...

# #+# .#
##.##l#
+.<@l#
##.##.#
##†## .#
##.#.## #
#..#..#
###.### #+#
#≈≈≈≈≈≈≈≈≈§§
#+++#+++#≈≈≈


You could see 2 wyverns.

Vanquished Creatures
  4 scorpions (D)
4 creatures vanquished.

Notes
Turn   | Place    | Note
-------+----------+-------------------------------------------
     0 | D        | dolemite99 the Troll Fighter began the quest for the Orb.
     0 | D        | Reached XP level 1. HP: 22/22 MP: 0/0
     1 | D        | Noticed a scorpion
     1 | D        | Noticed a scorpion
     1 | D        | Noticed a scorpion
     1 | D        | Noticed a scorpion
     6 | D        | Killed a scorpion
     7 | D        | Reached skill level 7 in Unarmed Combat
     7 | D        | Reached XP level 2. HP: 10/29 MP: 1/1
     7 | D        | Reached XP level 3. HP: 12/36 MP: 2/2
     8 | D        | Killed a scorpion
     9 | D        | Reached skill level 9 in Unarmed Combat
     9 | D        | Reached XP level 4. HP: 28/44 MP: 3/3
    11 | D        | Killed a scorpion
    12 | D        | Reached skill level 10 in Unarmed Combat
    12 | D        | Reached XP level 5. HP: 32/50 MP: 4/4
    14 | D        | Reached skill level 11 in Unarmed Combat
    60 | D        | Noticed a wyvern
    60 | D        | Noticed a wyvern
    64 | D        | HP: 2/50 [wyvern (16)]
    65 | D        | Mangled by a wyvern

Illustrated notes

Levels and vault maps discovered:
D:        the_violet_keep_of_menkaure [sprint2_stairs_cluster_1,
          sprint2_shoproom, sprint2_temple, sprint2_basic_supplies,
          sprint2_obstacle_7, sprint2_obstacle_1, sprint2_obstacle_2,
          sprint2_obstacle_4, sprint2_obstacle_6, sprint2_timed_cluster_1,
          sprint2_smallroom_cluster_1, sprint2_smallroom_final_cluster_1,
          sprint2_transparent_cluster_1, sprint2_second_timed_cluster_1,
          sprint2_sniper_area_1, sprint2_heavy_combat_area_1,
          sprint2_mutation_trap_area_1, sprint2_forest_area_1,
          sprint2_light_combat_area_1, sprint2_behind_water_1,
          sprint2_near_end_vault_1]

Skill      XL: |  1  2  3  4  5 |
---------------+----------------+-----
Unarmed Combat | 7 9 10 11 | 11.9
Fighting       | |  2.4
Dodging        | |  2.4
Shields        | |  2.4

Action                   |  1- 3 |  4- 6 || total
-------------------------+-------+-------++-------
Melee: Unarmed           |     4 |    10 ||    14
  Use: Potion            |     2 |       ||     2
Armor: Robe              |     1 |     1 ||     2
Dodge: Dodged            |     1 |       ||     1
Block: Kite shield       |     3 |     2 ||     5

Table legend: (Time is in decaauts)
 A = Elapsed time spent in this place.
 B = Non-inter-level travel time spent in this place.
 C = Inter-level travel time spent in this place.
 D = Time resting spent in this place.
 E = Time spent auto-exploring this place.
 F = Levels seen in this place.
 G = Mean time per level.
                   A        B        C        D        E       F      G
               +--------+--------+--------+--------+--------+-----+--------+
         Total |     65 |     65 |      0 |     22 |      0 |   1 |   65.0 |
       Dungeon |     65 |     65 |      0 |     22 |      0 |   1 |   65.0 |
               +--------+--------+--------+--------+--------+-----+--------+

Top non-repeatable levels by time:
       D: 65 daAuts
